 Dungeon Sprint DCSS version 0.28-a0-79-g444c7a33f5 (webtiles) character file.

Game seed: 1415037857685316052

7 Zeldest the Slasher (level 1, -16/27 HPs)
             Began as a Demigod Gladiator on Aug 2, 2021.
             Demolished by an ogre (34 damage)
             ... in the Dungeon (Sprint IX: "|||||||||||||||||||||||||||||").
             The game lasted 00:00:10 (23 turns).

Zeldest the Slasher (Demigod Gladiator)               Turns: 23, Time: 00:00:10

Health: -16/27     AC:  4    Str: 15    XL:     1   Next: 66%
Magic:  3/3        EV: 12    Int: 10    God:
Gold:   0          SH:  0    Dex: 15    Spells: 0/0 levels left

rFire   . . .      SeeInvis .   a - +0 long sword
rCold   . . .      Faith    .   (no shield)
rNeg    . . .      Spirit   .   b - +0 leather armour
rPois   .          Reflect  .   c - +0 helmet
rElec   .          Harm     .   (no cloak)
rCorr   .          Rampage  .   (no gloves)
Will    .....      NoTele   +   (no boots)
Stlth   ..........              (no amulet)
HPRegen 0.09/turn               (no ring)
MPRegen 0.08/turn               (no ring)

@: berserking, very quick
A: high mp 1, forlorn
a: no special abilities


You were in the Dungeon.
You visited 1 branch

Inventory:

Hand Weapons
 a - a +0 long sword (weapon)
Missiles
 d - 3 throwing nets (quivered)
Armour
 b - a +0 leather armour (worn)
 c - a +0 helmet (worn)
Scrolls
 j - a scroll of blinking
Potions
 e - a potion of curing
 f - a potion of heal wounds
 g - a potion of haste
 h - 2 potions of magic


   Skills:
 + Level 2.6 Fighting
 + Level 3.3 Long Blades
 - Level 1.7 Throwing
 + Level 3.3 Dodging


You couldn't memorise any spells.
You didn't know any spells.
Your spell library was empty.

Dungeon Overview and Level Annotations

Branches:
Dungeon (1/1)


Innate Abilities, Weirdness & Mutations

Your attributes grow dramatically as you level up.
You have an increased reservoir of magic. (+10% MP)
You shall have no god before yourself.


Message History

You kill the hobgoblin!
Your Fighting skill increases to level 2!
You barely miss the hobgoblin. The hobgoblin completely misses you.
You riposte.
You hit the hobgoblin.
You kill the hobgoblin!
Your Long Blades skill increases to level 3!
Your Dodging skill increases to level 3!
The endoplasm hits you.
Things that are here:
a hobgoblin corpse; a hobgoblin corpse You hit the endoplasm.
The endoplasm is almost dead.
The endoplasm hits you but does no damage.
The endoplasm barely misses you.
You riposte.
You hit the endoplasm.
You kill the endoplasm!
The bat hits you but does no damage. x2
You barely miss the bat. The bat hits you but does no damage.
The bat closely misses you.
You riposte.
You barely miss the bat. You barely miss the bat.
The bat hits you but does no damage.
You barely miss the bat.
The bat closely misses you. x2; You riposte.
You closely miss the bat. The bat barely misses you.
You hit the bat.
The bat is severely wounded.
The bat hits you. The bat hits you but does no damage.
You hit the bat.
You kill the bat!
You hit the hobgoblin.
You kill the hobgoblin!
You open the door.
An iguana, an ice beast, a centaur, an ogre and a skeleton come into view.
The ogre shouts!
The centaur shouts!
The iguana hisses angrily.
You hit the ogre but do no damage. The ogre hits you with a +0 giant club.
You hit the ogre.
The ogre is lightly wounded.
The ogre barely misses you.
A red film seems to cover your vision as you go berserk!
You feel yourself moving faster!
You feel mighty!
The ogre hits you with a +0 giant club!!
Ouch! That really hurt!
You die...

▓.▓
▓.▓
▓.▓
▓'▓
▓†▓
▓.▓
▓.▓
▓.▓
▓@▓
▓O▓
▓Y▓
▓l▓
▓c▓
▓Z▓
▓.▓
▓+▓


You could see an ice beast, an ogre, a centaur, an iguana and a jackal skeleton.

Vanquished Creatures
  A bat (D)
  An endoplasm (D)
  3 hobgoblins (D)
5 creatures vanquished.

Notes
Turn   | Place    | Note
-------+----------+-------------------------------------------
     0 | D        | Zeldest the Demigod Gladiator began the quest for the Orb.
     0 | D        | Reached XP level 1. HP: 17/17 MP: 3/3
    20 | D        | Noticed an ogre
    20 | D        | Noticed an ice beast
    20 | D        | Noticed an iguana
    20 | D        | Noticed a centaur
    23 | D        | Demolished by an ogre

Illustrated notes

Levels and vault maps discovered:
D:        linesprint [early_d, line_temple, items_1, d_10, items_2, lair_1,
          lair_end, items_3, orc_1, orc_end, items_4, d_15, swamp_1, shoals_1,
          snake_1, spider_1, d_20, vaults_1, items_5, swamp_end, shoals_end,
          snake_end, spider_end, vaults_end, d_27, items_6, zot_1, zot_end,
          crypt_end, forest_end, elf_end, slime_end, tomb_end, abyss_end,
          pan_hell_end]

Skill      XL: |  1 |
---------------+----+-----
Fighting       | 2 |  2.6
Long Blades    | 3 |  3.3
Dodging        | 3 |  3.3
Throwing       | |  1.7

Action                   || total
-------------------------++-------
Melee: Long sword        ||    12
  Use: Potion            ||     1
 Stab: Distracted        ||     1
Armor: Leather armour    ||     7
Dodge: Dodged            ||     7
       Rpst.: Long sword ||     4

Table legend: (Time is in decaauts)
 A = Elapsed time spent in this place.
 B = Non-inter-level travel time spent in this place.
 C = Inter-level travel time spent in this place.
 D = Time resting spent in this place.
 E = Time spent auto-exploring this place.
 F = Levels seen in this place.
 G = Mean time per level.
                   A        B        C        D        E       F      G
               +--------+--------+--------+--------+--------+-----+--------+
         Total |     25 |     25 |      0 |      0 |      0 |   1 |   25.0 |
       Dungeon |     25 |     25 |      0 |      0 |      0 |   1 |   25.0 |
               +--------+--------+--------+--------+--------+-----+--------+

Top non-repeatable levels by time:
       D: 25 daAuts
